 Dungeon Crawl Stone Soup version 0.20.1-1-g8b1a95d66d (webtiles) character file.

112 Gargoyl the Skirmisher (level 4, -2/40 HPs)
             Began as a Centaur Abyssal Knight on Jan 2, 2018.
             Was a Believer of Lugonu.
             Slain by an ice beast (6 damage)
             ... on level 3 of the Dungeon.
             The game lasted 00:05:30 (2955 turns).

Gargoyl the Skirmisher (Centaur Abyssal Knight)     Turns: 2955, Time: 00:05:32

Health: -2/40      AC:  6    Str: 19    XL:     4   Next: 64%
Magic:  5/5        EV:  7    Int: 15    God:    Lugonu [**....]
Gold:   141        SH:  0    Dex:  9    Spells: 3/3 levels left

rFire    + . .     SeeInvis .   f - +2 spear "Fiese" {venom, +Blink rF+ Str+4 Int+4}
rCold    . . .     Gourm    .   (no shield)
rNeg     . . .     Faith    .   l - +0 scale mail
rPois    .         Spirit   .   (no helmet)
rElec    .         Reflect  .   (no cloak)
rCorr    .         Harm     .   (no gloves)
MR       .....                  (no barding)
Stlth    ..........             (no amulet)
Regen    0.2/turn               (no ring)
MPRegen  0.1/turn               (no ring)

@: very quick
A: hooves 3, deformed body, speed 2, tough skin 3
a: Depart the Abyss, Bend Space, Renounce Religion, Evoke Blink


You were on level 3 of the Dungeon.
You worshipped Lugonu.
Lugonu was pleased with you.
You were hungry.

You visited 1 branch of the dungeon, and saw 4 of its levels.
You visited the Abyss 1 time.

You collected 141 gold pieces.

Inventory:

Hand Weapons
 a - a +2 hand axe
 f - the +2 spear "Fiese" (weapon) {venom, +Blink rF+ Str+4 Int+4}
   (You found it on level 2 of the Abyss)

   It poisons the flesh of those it strikes.
   It affects your strength (+4).
   It affects your intelligence (+4).
   It protects you from fire.
   It lets you blink.
Missiles
 k - 3 tomahawks (quivered)
Armour
 l - a +0 scale mail (worn)
Scrolls
 d - a scroll of identify
 e - a scroll of fog
 n - 3 scrolls of teleportation
 q - 2 scrolls of enchant weapon
Potions
 g - 2 potions of heal wounds
 j - a potion of brilliance
 m - a potion of agility
 o - a potion of curing {unknown}
 p - a potion of invisibility {unknown}
Books
 i - a book of Cantrips

   Spells                             Type                      Level
   a - Confusing Touch                Hexes                        1
   b - Animate Skeleton               Necromancy                   1
   c - Summon Small Mammal            Summoning                    1
   d - Apportation                    Translocation                1
Comestibles
 b - 6 fruits
 c - a bread ration
 h - a meat ration


   Skills:
 + Level 4.0 Fighting
 + Level 2.0 Axes
 * Level 2.5 Armour
 - Level 0.6 Dodging
 * Level 2.6 Invocations


You had 3 spell levels left.
You didn't know any spells.

Dungeon Overview and Level Annotations

Branches:
Dungeon (4/15)
 Temple: D:4-7

Altars:
The Shining One


Innate Abilities, Weirdness & Mutations

You have hooves in place of feet.
Armour fits poorly on your strangely shaped body.
You cover ground very quickly.
You have extremely tough skin. (AC +3)


Message History

You see here a club.
You start resting.
You are feeling hungry.
You start resting.
An ice beast comes into view.
You see here a club.
The ice beast hits you. The ice beast freezes you!
You hit the ice beast but do no damage.
The ice beast hits you but does no damage.
You hit the ice beast but do no damage.
The ice beast is poisoned.
Your kick misses the ice beast. The ice beast hits you.
The ice beast freezes you.
* * * LOW HITPOINT WARNING * * *
You hit the ice beast but do no damage.
You kick the ice beast, but do no damage.
The ice beast is lightly wounded.
The ice beast hits you.
* * * LOW HITPOINT WARNING * * *
The ice beast freezes you.
You die...

...###....##.........# ##.
.........###.........# #####..
##..##.....#.........# #.....#
###.<...........(....# ###...###
.......##............# ##...#.# #
.....................###....#.# #
.........#.#.............##...# #
......##.....(.......##.###.### #
......#####...).@Y)>....##..# ##
........###.##..#..#.#####.#####.
......#.....##........##...#.....
......#####......#....##...#.####
.[....# #...#[.#.........#.# #
.###### ###.##......#.....#.# #
.# #.....[.###...#...#.#### .##
####...##..#....##......... ..#
###......###...##.##...#.##..


You could see an ice beast.

Vanquished Creatures
  A gnoll (D:4)
  2 adders (D:2)
  2 oozes (D:1)
  A worm (D:2)
  A dart slug (D:3)
  3 orcs
  5 giant cockroaches
  7 goblins
  6 hobgoblins
  11 jackals
  6 kobolds
  11 bats
  5 frilled lizards
  5 rats
66 creatures vanquished.

Notes
Turn   | Place    | Note
-------+----------+-------------------------------------------
     0 | Abyss:1  | Gargoyl the Centaur Abyssal Knight began the quest for the Orb.
     0 | Abyss:1  | Reached XP level 1. HP: 19/19 MP: 2/2
    26 | Abyss:1  | Noticed a quasit
    41 | Abyss:1  | Found a corrupted altar of Lugonu.
    74 | Abyss:2  | Got a smoking spear
    75 | Abyss:2  | Identified the +2 spear "Fiese" {venom, +Blink rF+ Str+4 Int+4} (You found it on level 2 of the Abyss)
    81 | Abyss:2  | Noticed a starcursed mass
    81 | D:1      | Escaped the Abyss
   143 | D:1      | Reached XP level 2. HP: 1/26 MP: 3/3
   151 | D:1      | Reached * piety under Lugonu
   765 | D:1      | Reached XP level 3. HP: 31/33 MP: 4/4
  1683 | D:2      | Reached XP level 4. HP: 38/40 MP: 5/5
  1764 | D:2      | Reached ** piety under Lugonu
  1885 | D:2      | Found a glowing golden altar of the Shining One.
  2123 | D:3      | Reached skill level 4 in Fighting
  2950 | D:3      | Noticed an ice beast
  2955 | D:3      | Slain by an ice beast

Skill      XL: |  1  2  3  4 |
---------------+-------------+-----
Axes           | 2 |  2.0
Armour         | 2 |  2.5
Fighting       | 4 |  4.0
Dodging        | |  0.6
Invocations    | |  2.6

Action                   |  1- 3 |  4- 6 || total
-------------------------+-------+-------++-------
Melee: Spear             |    89 |    75 ||   164
       Kick              |    16 |    15 ||    31
Invok: Depart the Abyss  |     1 |       ||     1
  Use: Scroll            |     1 |    12 ||    13
  Eat: Chunk             |     2 |     2 ||     4
Armor: Leather armour    |    30 |       ||    30
       Scale mail        |    25 |    49 ||    74
Dodge: Dodged            |    50 |    44 ||    94
